Map: Incorporeal LE

Players

Harstem

  • Race: Protoss Protoss
  • League: Grandmaster
  • Spawn Location: 11:00

A.I. 1 (Very Easy) - Winner!

  • Race: Terran Terran
  • Spawn Location: 5:00

VOD

Have the link to the VOD?

Description

Time

  • Played on: Aug. 22, 2025, 6:47 a.m.
  • Length: 5:26
Show
View Real Time Build Order
Export as new Build Order

Harstem Protoss 

Build Orders: 1 Gate Expand, Mass Adepts 

Get SALT Encoding   

  12  0:00  Probe  
  13  0:12  Probe  
  14  0:19  Pylon  
  14  0:24  Probe  
  15  0:33  Probe  
  15  0:40  Gateway  
  15  0:41  Probe  
  17  0:50  Assimilator  
  17  0:52  Probe  
  18  1:04  Probe  
  19  1:16  Probe  
  20  1:25  Nexus  
  20  1:35  Cybernetics Core  
  20  1:38  Probe  
  21  1:44  Assimilator  
  21  1:50  Probe  
  21  1:52  Pylon  
  22  2:02  Probe, Adept  
  23  2:12  Warp Gate  
  23  2:14  Probe  
  26  2:22  Adept  
  26  2:26  Probe  
  26  2:27  Twilight Council  
  27  2:34  Probe  
  29  2:38  Probe  
  29  2:42  Probe  
  31  2:50  Probe  
  33  2:52  Probe  
  33  2:55  Resonating Glaives  
  33  2:56  Gateway  
  34  3:00  Gateway  
  34  3:02  Gateway  
  34  3:05  Probe  
  35  3:06  Probe  
  35  3:10  Adept  
  38  3:17  Probe  
  38  3:18  Probe  
  40  3:29  Probe  
  41  3:34  Nexus  
  41  3:38  Pylon  
  41  3:42  Probe  
  41  3:43  Probe  
  43  3:54  Pylon  
  43  3:58  Probe  
  43  4:00  Adept x4  
  52  4:03  Probe  
  52  4:08  Pylon  
  53  4:10  Probe  
  54  4:20  Adept x4  
  62  4:25  Assimilator  
  62  4:26  Probe x2  
  64  4:34  Robotics Facility  
  64  4:38  Probe x2  
  66  4:40  Assimilator  
  66  4:42  Adept x2  
  70  4:47  Probe  
  70  4:50  Probe x2  
  73  4:55  Probe  
  73  4:57  Zealot  
  73  4:58  Sentry  
  78  5:00  Shield Battery  
  78  5:02  Probe, Pylon  
  78  5:03  Probe  
  78  5:04  Probe  
  80  5:13  Probe, Forge  
  84  5:22  Sentry  
  84  5:23  Sentry  
Show
View Real Time Build Order
Export as new Build Order

A.I. 1 (Very Easy) Terran - Winner!

Build Orders:  

Get SALT Encoding   

  12  0:00  SCV  
  13  0:13  SCV  
  14  0:18  Supply Depot  
  14  0:36  Refinery  
  14  0:41  Barracks  
  14  1:05  Supply Depot  
  14  1:11  Refinery  
  14  1:29  SCV  
  14  1:30  Marine  
  16  1:41  SCV  
  17  1:53  SCV  
  18  2:02  Marine  
  18  2:05  SCV  
  20  2:17  SCV  
  21  2:29  SCV  
  22  2:34  Marine  
  23  2:43  Orbital Command  
  23  3:06  Marine  
  23  4:50  Marine  
  21  4:53  SCV  
  15  5:05  SCV  
Tags
 
Composition
Mass Adepts
Matchup
PvT
Player
Harstem
Spawn Locations
Cross Positions
Add a new tag
Caveats
  • Supply blocks, unpowered buildings, or Contaminate may cause inaccurate times.
  • Supply counts are checked every 10 seconds.